 Dungeon Crawl Stone Soup version 0.30-a0-585-g93115170b9 (webtiles) character file.

Game seed: 18009236759624320518

467 Errthou the Cleaver (level 6, -7/51 HPs)
             Began as a Minotaur Berserker on Jan 1, 2023.
             Was a Believer of Trog.
             Killed from afar by Dowan (8 damage)
             ... with a shard of ice
             ... on level 6 of the Dungeon on Jan 2, 2023.
             The game lasted 00:10:09 (2103 turns).

Errthou the Cleaver (Minotaur Berserker)            Turns: 2103, Time: 00:10:10

Health: -7/51      AC:  7    Str: 24    XL:     6   Next: 81%
Magic:  5/5        EV: 16    Int:  4    God:    Trog [**....]
Gold:   187        SH:  0    Dex:  9    Spells: 5/5 levels left

rFire   . . .      SeeInvis .    a - +0 hand axe
rCold   + . .      Faith    .    (no shield)
rNeg    . . .      Spirit   .    s - +1 ring mail of Skepticism {rC+}
rPois   .          Reflect  .    (helmet restricted)
rElec   .          Harm     .    (no cloak)
rCorr   .          Rampage  .    c - +0 pair of gloves
Will    .....                    (no boots) Stlth
                                 (no amulet)
HPRegen 0.28/turn                g - +5 ring of evasion
MPRegen 0.09/turn                (no ring)

@: on berserk cooldown, slowed, very slow
A: horns 2, retaliatory headbutt
a: Renounce Religion, Berserk, Trog's Hand


You were on level 6 of the Dungeon.
You worshipped Trog.
Trog was pleased with you.
You visited 1 branch of the dungeon, and saw 4 of its levels.

You collected 187 gold pieces.

Inventory:

Hand Weapons
 a - a +0 hand axe (weapon)
Armour
 c - a +0 pair of gloves (worn)
 s - the +1 ring mail of Skepticism (worn) {rC+}
   (You found it on level 3 of the Dungeon)

   rC:        It protects you from cold.
Jewellery
 g - a +5 ring of evasion (left hand)
Scrolls
 d - a scroll of noise {unknown}
 h - a scroll of identify
 i - a scroll of teleportation {unknown}
 j - a scroll of magic mapping {unknown}
 k - 3 scrolls of butterflies
 l - a scroll of blinking {unknown}
 m - a scroll of enchant armour {unknown}
 n - 2 scrolls of immolation {unknown}
 o - a scroll of amnesia {unknown}
 q - a scroll of vulnerability {unknown}
Potions
 b - 2 potions of mutation
 e - 5 potions of curing
 f - a potion of flight {unknown}
 p - a potion of brilliance {unknown}
 r - a potion of lignification
 t - a potion of invisibility {unknown}


   Skills:
 - Level 3.6 Fighting
 + Level 9.4 Axes
 - Level 2.4 Armour
 - Level 2.1 Dodging


You had 5 spell levels left.
You didn't know any spells.
Your spell library was empty.

Dungeon Overview and Level Annotations

Branches:
Dungeon (3/15)

Altars:

Annotations:
D:3 2 runed translucent doors, wpisznazwe's ghost, amateur MfDe
D:6 Dowan; Eustachio


Innate Abilities, Weirdness & Mutations

You have a pair of horns on your head.
You reflexively headbutt those who attack you in melee.


Message History

You hit Dowan. Dowan misses you. You furiously retaliate!
You headbutt Dowan.
Eustachio gestures wildly while chanting.
The crimson imp misses you.
You miss the crimson imp.
The crimson imp is moderately wounded.
You hit Dowan. Dowan completely misses you. You furiously retaliate!
You headbutt Dowan!
Eustachio mumbles some strange words.
Dowan completely misses you.
The crimson imp blinks!
You feel the effects of Trog's Hand fading.
Dowan misses you.
Dowan gestures wildly while chanting.
Dowan blinks!
The iron imp grins evilly.
Dowan casts a spell.
Dowan blinks!
The crimson imp hits you but does no damage.
Dowan casts a spell at you. The shard of ice misses you.
The shard of ice misses the crimson imp.
You barely miss the crimson imp. Your headbutt misses the crimson imp.
You hit Dowan but do no damage. Dowan casts a spell at you.
The shard of ice hits you! You partially resist.
* * * LOW HITPOINT WARNING * * *
The crimson imp blinks!
Dowan completely misses you. Dowan attacks as you move away! Dowan misses you.
Your skin stops crawling.
You feel less strong-willed. The crimson imp misses you.
Dowan points at you and mumbles some strange words.
The stone arrow hits you!
* * * LOW HITPOINT WARNING * * *
You slash the crimson imp!
The crimson imp is heavily wounded.
You barely miss Dowan. Dowan hits you with a +0 dagger.
* * * LOW HITPOINT WARNING * * *
The crimson imp closely misses you.
Dowan points at you and mumbles some strange words.
The shard of ice hits you! You partially resist.
You die...

............
#)#
.Y.#.#######
#.# ...#.#
#r# ...#.#
#5# ...#.#
#5# ...#.#
#r# ...#.#
#@# ...# #e#
..... #@#
#...># #5#
#.### #.# .#
#.# #.# #.#
..# ###


You could see Eustachio, Dowan (fast), 2 iron imps, a crimson imp (summoned) and
2 rats.

Vanquished Creatures
  Duvessa (D:6)
  An ice beast (D:6)
  A bullfrog (D:6)
  An orc priest (D:6)
  Crazy Yiuf (D:2)
  An orc wizard (D:6)
  Robin (D:2)
  3 adders
  4 dart slugs
  6 orcs
  7 ball pythons
  7 bats
  5 endoplasms
  2 giant cockroaches (D:1)
  11 goblins
  4 hobgoblins
  2 jackals (D:2)
  4 quokkas
  3 frilled lizards
  7 kobolds
  4 rats
76 creatures vanquished.

Notes
Turn   | Place    | Note
-------+----------+-------------------------------------------
     0 | D:1      | Errthou the Minotaur Berserker began the quest for the Orb.
     0 | D:1      | Reached XP level 1. HP: 19/19 MP: 0/0
   126 | D:1      | Reached skill level 4 in Axes
   141 | D:1      | Reached XP level 2. HP: 26/26 MP: 1/1
   282 | D:1      | Reached ** piety under Trog
   285 | D:1      | Reached skill level 5 in Axes
   290 | D:1      | Reached XP level 3. HP: 25/31 MP: 2/2
   750 | D:2      | Found a faded altar of an unknown god.
   752 | D:2      | Noticed Robin
   759 | D:2      | Killed Robin
  1146 | D:2      | Reached skill level 6 in Axes
  1146 | D:2      | Reached XP level 4. HP: 39/39 MP: 3/3
  1307 | D:2      | Upgraded the game from 0.30-a0-583-g19bae12e61 to
                  | 0.30-a0-585-g93115170b9
  1432 | D:2      | Found a runed translucent door.
  1433 | D:2      | Noticed Crazy Yiuf
  1610 | D:2      | Killed Crazy Yiuf
  1679 | D:3      | Identified the +1 ring mail of Skepticism {rC+}
  1719 | D:3      | Found a runed translucent door.
  1724 | D:3      | Noticed wpisznazwe's ghost (amateur MfDe)
  1754 | D:3      | Found a runed translucent door.
  1896 | D:3      | Reached XP level 5. HP: 45/45 MP: 4/4
  1921 | D:3      | Reached skill level 7 in Axes
  1971 | D:3      | You fall into a shaft and drop 3 floors!
  2012 | D:6      | Noticed Eustachio
  2019 | D:6      | Noticed Duvessa
  2019 | D:6      | Noticed Dowan
  2019 | D:6      | Noticed an ice beast
  2062 | D:6      | Reached skill level 8 in Axes
  2073 | D:6      | Killed Duvessa
  2074 | D:6      | Reached XP level 6. HP: 32/51 MP: 5/5
  2078 | D:6      | Killed an ice beast
  2079 | D:6      | Reached skill level 9 in Axes
  2102 | D:6      | HP: 2/51 [Dowan/stone arrow (10)]
  2103 | D:6      | Killed from afar by Dowan

Illustrated notes

Levels and vault maps discovered:
D:1:      ncdulo_lavacross, layout_basic, minmay_nonomino_d4
D:2:      layout_basic, dreamdust_ecumenical_altar_statues, minivault_14,
          chequers_mini_garden, hangedman_decor_lopped, serial_park_tiny_1,
          uniq_robin, uniq_crazy_yiuf_cottage
D:3:      layout_basic, jmf_multi_god_temple, ebering_ghost_sewer_f,
          st_stairs_14, minivault_24
D:6:      layout_basic, serial_shops, shop, uniq_eustachio, uniq_duvessa

Skill      XL: |  1  2  3  4  5  6 |
---------------+-------------------+-----
Axes           | 4 5 6 8 9 |  9.4
Fighting       | |  3.6
Armour         | |  2.4
Dodging        | |  2.1

Action                   |  1- 3 |  4- 6 || total
-------------------------+-------+-------++-------
Melee: Hand axe          |    74 |    81 ||   155
       Headbutt          |    13 |    10 ||    23
       Punch             |       |     1 ||     1
Invok: Trog's Hand       |     1 |     3 ||     4
       Berserk           |     1 |     2 ||     3
  Use: Scroll            |       |     4 ||     4
Armor: Scale mail        |    43 |     3 ||    46
       Ring mail         |       |    31 ||    31
Dodge: Dodged            |    44 |    66 ||   110

Table legend: (Time is in decaauts)
 A = Elapsed time spent in this place.
 B = Non-inter-level travel time spent in this place.
 C = Inter-level travel time spent in this place.
 D = Time resting spent in this place.
 E = Time spent auto-exploring this place.
 F = Levels seen in this place.
 G = Mean time per level.
                   A        B        C        D        E       F      G
               +--------+--------+--------+--------+--------+-----+--------+
         Total |   2117 |   2087 |     30 |    365 |   1117 |   4 |  529.2 |
       Dungeon |   2117 |   2087 |     30 |    365 |   1117 |   4 |  529.2 |
               +--------+--------+--------+--------+--------+-----+--------+

Top non-repeatable levels by time:
     D:2: 996 daAuts
     D:1: 691 daAuts
     D:3: 302 daAuts
     D:6: 127 daAuts
